 Dungeon Crawl Stone Soup version 0.32-a0-589-g2d1f746d5d (webtiles) character file.

Game seed: 1906360808305337793

39877 Dirtsage the Severer (level 13, -4/147 HPs)
             Began as a Demonspawn Berserker on Mar 2, 2024.
             Was a High Priest of Trog.
             Slain by a tyrant leech (21 damage)
             ... on level 3 of the Lair of Beasts.
             The game lasted 00:24:07 (15689 turns).

Dirtsage the Severer (Demonspawn Berserker)        Turns: 15689, Time: 00:24:08

Health: -4/147     AC: 20    Str: 21    XL:     13   Next: 71%
Magic:  13/13      EV: 10    Int:  9    God:    Trog [*****.]
Gold:   740        SH: 10    Dex: 13    Spells: 12/12 levels left

rFire   + + .        m - +2 broad axe (flame)
rCold   + . .        N - +0 kite shield
rNeg    . . .        A - +2 chain mail {rF+}
rPois   +            M - +1 helmet
rElec   .            (no cloak)
rCorr   .            g - +0 pair of gloves
SInv    .            (boots unavailable)
Will    .....        e - amulet of faith Stlth
                     I - ring of protection from cold
HPRegen 0.44/turn    P - ring of poison resistance
MPRegen 0.13/turn

%: faith
@: berserking (expiring), studying Earth Magic, very quick
A: hooves 3, molten scales 3, spiny 1
a: Renounce Religion, Berserk, Trog's Hand, Brothers in Arms


You were on level 3 of the Lair of Beasts.
You worshipped Trog.
Trog was extremely pleased with you.
You visited 3 branches of the dungeon, and saw 15 of its levels.
You also visited: Ice Cave.

You collected 1086 gold pieces.
You spent 346 gold pieces at shops.

Inventory:

Hand Weapons
 m - a +2 broad axe of flaming (weapon)
Missiles
 H - 4 throwing nets (quivered)
 K - 6 curare-tipped darts
Armour
 g - a +0 pair of gloves (worn)
 A - a +2 chain mail of fire resistance (worn)
 M - a +1 helmet (worn)
 N - a +0 kite shield (worn)
Jewellery
 e - an amulet of faith (around neck)
 y - a ring of ice
 G - an amulet of the acrobat
 I - a ring of protection from cold (left hand)
 P - a ring of poison resistance (right hand)
Wands
 b - a wand of mindburst (4)
 D - a wand of digging (5)
 E - a wand of roots (13)
 J - a wand of flame (20)
Scrolls
 c - 3 scrolls of vulnerability
 i - 8 scrolls of identify
 j - 3 scrolls of enchant armour
 k - 2 scrolls of silence
 r - a scroll of butterflies
 s - 2 scrolls of amnesia
 t - 9 scrolls of teleportation
 w - 4 scrolls of torment {unknown}
 x - a scroll of immolation
 z - 2 scrolls of noise {unknown}
 B - 2 scrolls of blinking
 C - a scroll of fear {unknown}
 L - a scroll of fog
 S - 2 scrolls of enchant weapon {unknown}
Potions
 a - a potion of ambrosia {unknown}
 d - 4 potions of might
 f - 2 potions of attraction
 h - a potion of haste
 l - 3 potions of heal wounds
 n - a potion of resistance
 o - 3 potions of magic
 p - 3 potions of enlightenment
 q - 4 potions of curing
 u - a potion of cancellation
 v - a potion of brilliance {unknown}
 O - a potion of degeneration
 Q - a potion of lignification {unknown}
 R - a potion of invisibility {unknown}


   Skills:
 + Level 8.3 Fighting
 + Level 16.3 Axes
 + Level 7.2 Armour
 + Level 7.1 Dodging
 * Level 8.4 Shields
 - Level 3.4 Evocations


You had 12 spell levels left.
You didn't know any spells.
Your spell library contained the following spells:

 Spells                   Type           Power      Damage    Failure   Level
 Sandblast                Erth           0%         2d4       99%         1
 Slow                     Hex            0%         N/A       99%         1
 Cigotuvi's Dreadful Rot  Necr/Alch/Air  0%         N/A       100%        2
 Jinxbite                 Hex            0%         N/A       100%        2
 Sublimation of Blood     Necr           0%         N/A       100%        2
 Confusing Touch          Hex            0%         N/A       100%        3
 Dazzling Flash           Conj/Hex       0%         N/A       100%        3
 Inner Flame              Hex/Fire       0%         N/A       100%        3
 Passwall                 Erth           0%         N/A       100%        3
 Sigil of Binding         Hex            0%         N/A       100%        3
 Stone Arrow              Conj/Erth      0%         3d7       100%        3
 Summon Ice Beast         Ice/Summ       0%         N/A       100%        3
 Vampiric Draining        Necr           0%         2d6       100%        3
 Volatile Blastmotes      Fire/Tloc      0%         2d10      100%        3
 Brom's Barrelling Bould  Conj/Erth      0%         2d3       100%        4
 Dispel Undead            Necr           0%         3d6       100%        4
 Martyr's Knell           Necr/Summ      0%         N/A       100%        4
 Petrify                  Alch/Erth      0%         N/A       100%        4
 Irradiate                Conj/Alch      0%         3d11      100%        5
 Summon Mana Viper        Hex/Summ       0%         N/A       100%        5
 Yara's Violent Unravell  Hex/Alch       0%         3d3       100%        5
 Death Channel            Necr           0%         N/A       100%        6
 Starburst                Conj/Fire      0%         6d3       100%        6
 Enfeeble                 Hex            0%         N/A       100%        7
 Monstrous Menagerie      Summ           0%         N/A       100%        7
 Ignition                 Fire           0%         3d3       100%        8
 Maxwell's Capacitive Co  Air            0%         ∞         100%        8


Dungeon Overview and Level Annotations

Branches:
Dungeon (10/15)            Temple (1/1) D:4            Lair (4/5) D:9
  Swamp (0/4) Lair:3        Snake (0/4) Lair:3        Slime (0/5) Lair:4
  IceCv (visited)
    Orc: D:9-12

Altars:
Ashenzari
Cheibriados
Dithmenos
Fedhas
Gozag
Hepliaklqana
Kikubaaqudgha
Makhleb
Nemelex Xobeh
Okawaru
Qazlal
Ru
Sif Muna
Trog
Uskayaw
Vehumet
Wu Jian
Xom
Yredelemnul

Shops:
D:4 *=   D:5 *   D:8 *   D:10 !


Innate Abilities, Weirdness & Mutations

You have hooves in place of feet.
You are completely covered in molten scales. (AC +4, rF+)
You are partially covered in sharp spines.


Message History

You slash the swamp worm! You burn the swamp worm.
You kill the swamp worm!
Trog accepts your kill.
You slash the swamp worm! You burn the swamp worm.
You completely miss the swamp worm. You slash the tyrant leech!
You burn the tyrant leech.
The swamp worm is struck by your spines.
The swamp worm bites you!!
* * * LOW HITPOINT WARNING * * *
You block the tyrant leech's attack.
There is a staircase to the Swamp, spattered with blood here.
You see here a swamp worm corpse.
You take 17 damage, and have 34/147 hp.
You slash the swamp worm! You burn the swamp worm.
You kill the swamp worm!
Trog accepts your kill.
You miss the tyrant leech. You slash the swamp worm! You burn the swamp worm.
You block the swamp worm's attack. The tyrant leech bites you!!
* * * LOW HITPOINT WARNING * * *
The tyrant leech draws strength from your injuries!
You take 18 damage, and have 16/147 hp.
You closely miss the swamp worm. Your kick misses the swamp worm.
The swamp worm is moderately wounded.
You closely miss the tyrant leech. You block the swamp worm's attack.
You miss the tyrant leech. Your kick misses the tyrant leech.
The tyrant leech is lightly wounded.
You barely miss the swamp worm. You block the tyrant leech's attack.
The swamp worm is struck by your spines.
The swamp worm bites you but does no damage.
You closely miss the tyrant leech. You kick the tyrant leech!
The tyrant leech is moderately wounded.
You slice the swamp worm!! You burn the swamp worm.
You kill the swamp worm!
Trog accepts your kill.
You slash the tyrant leech! You burn the tyrant leech.
Your kick misses the tyrant leech.
The tyrant leech is heavily wounded.
The tyrant leech is struck by your spines.
The tyrant leech bites you!!
You die...

#...#....## #.#..#####
#..### #### ..+#####.P#
#.........## .^.........#
♣♣♣♣ +.........P#♣♣♣♣~§♣♣
.. #.........'.♣♣~§§§§♣
..+. ..........#..♣♣§@§§♣
...#
P####'######♣♣♣w§§§♣...##
# ##.## ♣♣~~♣♣....#
##..P# ♣.♣♣.#.. #...##
♣...#.# #P.## #$#..###
###...# ##...#.## #P##..#
#.......# .....#####P#
#.#.#...#


You could see a tyrant leech.

Vanquished Creatures
  Rupert (Lair:4)
  Nessos (Lair:4)
  Fannar (Lair:1)
  A hydra (Lair:2)
  2 two-headed ogres
  5 death yaks
  Urug (Lair:2)
  5 skysharks
  2 bog bodies (IceCv)
  A lindwurm (Lair:2)
  A manticore (D:9)
  An oklob plant (Lair:4)
  2 black mambas (Lair:3)
  A meliai (D:8)
  A torpor snail (Lair:2)
  6 elephants (Lair:2)
  An ice statue (IceCv)
  5 cane toads
  6 komodo dragons
  3 rime drakes
  A troll (D:10)
  A merfolk (D:8)
  2 polar bears
  10 blink frogs
  3 wyverns
  3 dire elephant simulacra (IceCv)
  29 yaks
  A basilisk (Lair:4)
  5 steam dragons
  2 death yak simulacra (IceCv)
  A harpy simulacrum (IceCv)
  2 nagas (Lair:3)
  3 swamp worms (Lair:3)
  An acid dragon (D:9)
  31 water moccasins
  2 hydra simulacra (IceCv)
  3 sky beasts
  Pargi (D:3)
  4 ice beasts
  2 black bears (D:6)
  4 wolves (Lair:3)
  2 ogres
  4 centaurs
  4 kobold brigands (D:8)
  7 bullfrogs
  3 scorpions
  4 gnoll sergeants
  8 two-headed ogre simulacra (IceCv)
  3 cane toad simulacra (IceCv)
  12 wights
  6 killer bees (D:8)
  4 howler monkeys
  A hound (D:6)
  4 bombardier beetles
  6 jellies
  A gnoll bouda (D:9)
  6 orc priests
  Jessica (D:3)
  2 sleepcaps
  2 iguanas
  5 orc wizards
  7 troll simulacra (IceCv)
  2 spriggan simulacra (IceCv)
  2 polar bear simulacra (IceCv)
  6 wolf simulacra (IceCv)
  23 gnolls
  22 adders
  2 naga simulacra (IceCv)
  6 white imps
  7 ufetubi
  A ribbon worm (D:2)
  2 dart slugs
  26 orcs
  2 ball pythons
  11 endoplasms
  3 giant cockroaches
  2 goblins
  7 hobgoblins
  6 jackals
  2 quokkas
  5 bats
  3 frilled lizards
  20 kobolds
  7 rats
417 creatures vanquished.

Vanquished Creatures (collateral kills)
  A death yak (Lair:4)
  A wyvern (Lair:4)
  A water moccasin (Lair:4)
3 creatures vanquished.

Vanquished Creatures (others)
  An ufetubus (IceCv)
1 creature vanquished.

Grand Total: 421 creatures vanquished

Notes
Turn   | Place    | Note
-------+----------+-------------------------------------------
     0 | D:1      | Dirtsage the Demonspawn Berserker began the quest for the
                  | Orb.
     0 | D:1      | Reached XP level 1. HP: 18/18 MP: 1/1
   267 | D:1      | Reached skill level 3 in Axes
   365 | D:1      | Gained mutation: You have large cloven feet. [demonic
                  | ancestry]
   365 | D:1      | Reached XP level 2. HP: 23/24 MP: 2/2
   770 | D:1      | Reached XP level 3. HP: 27/29 MP: 3/3
   979 | D:2      | Reached skill level 4 in Axes
   989 | D:2      | Reached ** piety under Trog
  1367 | D:2      | You fall into a shaft and drop 2 floors!
  1436 | D:4      | Reached XP level 4. HP: 22/35 MP: 4/4
  1634 | D:3      | Reached skill level 5 in Axes
  1645 | D:3      | Gained mutation: You have hoof-like feet. [demonic
                  | ancestry]
  1645 | D:3      | Reached XP level 5. HP: 30/41 MP: 5/5
  1738 | D:3      | Found a shadowy altar of Dithmenos.
  1992 | D:3      | Found a sparkling altar of Nemelex Xobeh.
  2301 | D:3      | Reached skill level 6 in Axes
  2350 | D:3      | Noticed Pargi
  2359 | D:3      | Killed Pargi
  2360 | D:3      | Gained mutation: You have hooves in place of feet. [demonic
                  | ancestry]
  2360 | D:3      | Reached XP level 6. HP: 47/47 MP: 6/6
  2530 | D:3      | Found a burning altar of Makhleb.
  2574 | D:3      | Noticed Jessica
  2587 | D:3      | Killed Jessica
  2845 | D:4      | Found a staircase to the Ecumenical Temple.
  2859 | Temple   | Entered the Ecumenical Temple
  2876 | D:4      | Reached skill level 7 in Axes
  3122 | D:4      | Found Iciotec's Jewellery Shop.
  3470 | D:4      | Found Vaxuoq's General Store.
  3475 | D:4      | Bought a scroll of blinking for 75 gold pieces
  3475 | D:4      | Bought a scroll of immolation for 40 gold pieces
  3568 | D:5      | Entered Level 5 of the Dungeon
  3696 | D:5      | Gained mutation: You are partially covered in molten
                  | scales. (AC +2) [demonic ancestry]
  3696 | D:5      | Reached XP level 7. HP: 41/52 MP: 7/7
  3760 | D:5      | Reached *** piety under Trog
  3855 | D:5      | Found Gewuobio's General Store.
  3869 | D:5      | Bought a +2 chain mail of fire resistance for 215 gold
                  | pieces
  3968 | D:5      | Reached skill level 8 in Axes
  4208 | D:6      | Reached skill level 9 in Axes
  4208 | D:6      | Gained mutation: You are mostly covered in molten scales.
                  | (AC +3) [demonic ancestry]
  4208 | D:6      | Reached XP level 8. HP: 58/58 MP: 8/8
  4311 | D:6      | Reached skill level 10 in Axes
  5068 | D:7      | Reached skill level 11 in Axes
  5130 | D:7      | Reached XP level 9. HP: 54/63 MP: 9/9
  5218 | D:7      | Reached **** piety under Trog
  5684 | D:7      | Reached skill level 12 in Axes
  6000 | D:7      | Reached skill level 13 in Axes
  6294 | D:8      | Found Quma Puuryme's Elemental Accessories.
  6327 | D:8      | Gained mutation: You are completely covered in molten
                  | scales. (AC +4, rF+) [demonic ancestry]
  6327 | D:8      | Reached XP level 10. HP: 50/66 MP: 10/10
  6784 | D:8      | Reached skill level 1 in Evocations
  6871 | D:8      | Reached ***** piety under Trog
  7024 | D:8      | Found a radiant altar of Vehumet.
  7502 | D:8      | Noticed a meliai
  7507 | D:8      | Killed a meliai
  7744 | D:9      | Found a staircase to the Lair.
  7775 | D:9      | Noticed a manticore
  7786 | D:9      | Killed a manticore
  7787 | D:9      | Reached skill level 14 in Axes
  8096 | D:9      | Noticed a two-headed ogre
  8111 | D:9      | Killed a two-headed ogre
  8112 | D:9      | Gained mutation: You are partially covered in sharp spines.
                  | [demonic ancestry]
  8112 | D:9      | Reached XP level 11. HP: 50/78 MP: 11/11
  8600 | D:9      | Received a gift from Trog
  8804 | D:10     | Entered Level 10 of the Dungeon
  8813 | D:10     | Reached skill level 1 in Shields
  8820 | D:10     | Reached skill level 5 in Fighting
  9094 | D:10     | Noticed a two-headed ogre
  9104 | D:10     | Killed a two-headed ogre
  9370 | D:10     | Found Getet's Distillery.
  9373 | D:10     | Bought a potion of degeneration for 16 gold pieces
  9482 | D:10     | Found a blossoming altar of Fedhas.
  9482 | D:10     | Found a sacrificial altar of Ru.
  9955 | Lair:1   | Entered Level 1 of the Lair of Beasts
 10460 | Lair:1   | Noticed Fannar
 10472 | Lair:1   | Killed Fannar
 10552 | Lair:1   | Reached skill level 5 in Armour
 10572 | Lair:1   | Reached skill level 15 in Axes
 10572 | Lair:1   | Reached skill level 5 in Dodging
 10743 | Lair:1   | Received a gift from Trog
 10744 | Lair:1   | Reached XP level 12. HP: 88/88 MP: 12/12
 10974 | Lair:1   | Reached skill level 5 in Shields
 11095 | Lair:2   | Noticed a death yak
 11095 | Lair:2   | Noticed a death yak
 11110 | Lair:2   | Killed a death yak
 11114 | Lair:2   | Killed a death yak
 11255 | Lair:2   | You fall into a shaft and drop 2 floors!
 11255 | Lair:4   | Found a staircase to the Slime Pits.
 11374 | Lair:4   | Noticed Rupert
 11385 | Lair:4   | Killed Rupert
 11396 | Lair:4   | Noticed a death yak
 11399 | Lair:4   | Killed a death yak
 11399 | Lair:4   | Noticed a death yak
 11404 | Lair:4   | Noticed a death yak
 11410 | Lair:4   | Noticed a death yak
 11413 | Lair:4   | Killed a death yak
 11415 | Lair:4   | Killed a death yak
 11424 | Lair:4   | Killed a death yak
 11455 | Lair:4   | Found a frozen archway.
 11604 | IceCv    | Entered an ice cave
 12515 | IceCv    | Reached XP level 13. HP: 79/96 MP: 13/13
 12612 | IceCv    | Identified the +5 hand axe of Plague {venom, rC++ rN+
                  | Int+2}
 12889 | Lair:4   | Identified the +5 longbow of Responsibility {flame, rN+
                  | Str+4 Int-2}
 12920 | Lair:4   | Identified the +7 long sword of the Known World {freeze,
                  | rCorr Dex+4}
 12921 | Lair:4   | Noticed Nessos
 12931 | Lair:4   | Killed Nessos
 12939 | Lair:4   | HP: 4/96 [poisoned by Nessos]
 13899 | Lair:3   | Reached skill level 16 in Axes
 14147 | Lair:2   | Received a gift from Trog
 14538 | Lair:2   | Noticed Urug
 14548 | Lair:2   | Killed Urug
 15456 | Lair:3   | Found a staircase to the Snake Pit.
 15678 | Lair:3   | Found a staircase to the Swamp.
 15689 | Lair:3   | Slain by a tyrant leech

Illustrated notes

Levels and vault maps discovered:
D:1:      lemuel_arrival_lava_pool, layout_basic
D:2:      layout_basic
D:3:      layout_loops_cross, mainiacjoe_overflow_alcove_4,
          lightli_temple_of_fire, grunt_dithmenos_smoke_and_mirrors,
          uniq_jessica, uniq_pargi
D:4:      layout_loops_cross, temple_fountains, serial_shops, shop,
          nicolae_shop_rolling_square
D:5:      layout_rooms, serial_shops, shop_statue
D:6:      minmay_angry_zag, layout_cave_pods
D:7:      layout_loops_ring
D:8:      layout_basic, nicolae_elemental_shop, minivault_1,
          small_chamber_with_monster, chequers_serial_rivers_micro_e,
          roadster_trireme
D:9:      layout_gridville, mainiacjoe_overflow_brackets, dpeg_oklobed_lair,
          minivault_25
D:10:     layout_long_grid, jmf_multi_god_temple, serial_shops,
          nicolae_shop_pleasant_corner_grove
Temple:   nicolae_temple_elliptical
Lair:1:   lemuel_reptile_caves, layout_gridlike, infiniplex_staircase_pool_2,
          uniq_fannar
Lair:2:   wander_river, layout_cave_pods, uniq_urug
Lair:3:   layout_roguey, minmay_swamp_entry_worms, guppyfry_snake_entry_garden,
          gammafunk_ghost_grave
Lair:4:   layout_concentric_octagons, nicolae_slime_entry_slimehenge,
          portal_ice_cave_entry_pillars_2, serial_bayou_shore_a,
          grunt_megastairs_1, uniq_nessos, uniq_rupert

Skill      XL: |  1  2  3  4  5  6  7  8  9 10 11 12 13 |
---------------+----------------------------------------+-----
Axes           | 3 4 5 6 7 9 11 13 14 15 16 | 16.3
Armour         | 3 5 6 7 |  7.2
Dodging        | 3 5 6 7 |  7.1
Evocations     | 3 |  3.4
Fighting       | 4 6 7 8 |  8.3
Shields        | 4 6 8 |  8.4

Action                     |  1- 3 |  4- 6 |  7- 9 | 10-12 | 13-15 || total
---------------------------+-------+-------+-------+-------+-------++-------
  Melee: Hand axe          |   111 |   127 |    14 |       |       ||   252
         Kick              |    17 |    38 |    32 |   174 |    69 ||   330
         War axe           |       |       |   157 |   489 |    26 ||   672
         Broad axe         |       |       |       |       |   173 ||   173
 Invoke: Berserk           |     1 |     5 |     6 |    11 |     7 ||    30
         Trog's Hand       |       |       |       |     1 |       ||     1
         Brothers in Arms  |       |       |       |     1 |       ||     1
    Use: Scroll            |       |       |    14 |     5 |     1 ||    20
         Potion            |       |       |       |     3 |     1 ||     4
   Stab: Sleeping          |     2 |     1 |       |       |       ||     3
         Distracted        |       |       |       |     1 |       ||     1
 Armour: Animal skin       |    65 |     7 |       |       |       ||    72
         Ring mail         |       |    77 |    12 |       |       ||    89
         Chain mail        |       |       |   239 |   394 |   165 ||   798
  Dodge: Dodged            |    57 |    49 |   104 |   157 |    80 ||   447
  Block: Kite shield       |       |       |       |   162 |   113 ||   275

Table legend: (Time is in decaauts)
 A = Elapsed time spent in this place.
 B = Non-inter-level travel time spent in this place.
 C = Inter-level travel time spent in this place.
 D = Time resting spent in this place.
 E = Time spent auto-exploring this place.
 F = Levels seen in this place.
 G = Mean time per level.
                   A        B        C        D        E       F      G
               +--------+--------+--------+--------+--------+-----+--------+
         Total |  15972 |  15555 |    417 |   1073 |  12183 |  16 |  998.2 |
       Dungeon |  10135 |   9750 |    385 |    630 |   7758 |  10 | 1013.5 |
        Temple |      1 |      1 |      0 |      0 |      0 |   1 |    1.0 |
          Lair |   4705 |   4673 |     32 |    443 |   3560 |   4 | 1176.2 |
      Ice Cave |   1129 |   1129 |      0 |      0 |    865 |   1 | 1129.0 |
               +--------+--------+--------+--------+--------+-----+--------+

Top non-repeatable levels by time:
  Lair:2: 1627 daAuts
     D:8: 1627 daAuts
  Lair:4: 1455 daAuts
     D:9: 1218 daAuts
     D:7: 1180 daAuts
  Lair:1: 1152 daAuts
   IceCv: 1129 daAuts
     D:3: 1109 daAuts
     D:6: 976 daAuts
     D:1: 969 daAuts
    D:10: 933 daAuts
     D:4: 901 daAuts
     D:2: 650 daAuts
     D:5: 568 daAuts
  Lair:3: 469 daAuts
